 Dungeon Sprint DCSS version 0.31.0-32-g396128a36d (webtiles) character file.

Game seed: 11679214654980802470

4994 Groucho the Geomancer (level 10, -5/51 HPs)
             Began as a Spriggan Earth Elementalist on Mar 31, 2024.
             Was a High Priest of Sif Muna.
             Slain by an ice devil (23 damage)
             ... in the Dungeon (Sprint VII: "The Pits").
             The game lasted 00:14:32 (3668 turns).

Groucho the Geomancer (Spriggan Earth Elementalist) Turns: 3668, Time: 00:14:32

Health: -5/51      AC:  2    Str:  7    XL:     10   Next: 29%
Magic:  15/26      EV: 24    Int: 20    God:    Sif Muna [*****.]
Gold:   0          SH:  0    Dex: 17    Spells: 8/31 levels left

rFire   . . .        m - +2 dagger (venom)
rCold   . . .        (no shield)
rNeg    . . .        a - +0 robe
rPois   .            (helmet restricted)
rElec   .            (no cloak)
rCorr   .            (gloves unavailable)
SInv    +            (boots unavailable)
Will    +....        (no amulet)
Stlth   ++++         g - +3 ring of evasion
HPRegen 0.28/turn    h - +3 ring of strength
MPRegen 0.20/turn

%: no teleportation
@: very quick
A: very small, no large weapons, unfitting armour, see invisible, speed 3
a: Renounce Religion, Channel Magic, Forget Spell, Divine Exegesis


You were in the Dungeon.
You worshipped Sif Muna.
Sif Muna was extremely pleased with you.
You visited 1 branch

Inventory:

Hand Weapons
 m - a +2 dagger of venom (weapon)
 q - a +2 rapier of distortion
 r - a +2 dagger of pain
Armour
 a - a +0 robe (worn)
Jewellery
 g - a +3 ring of evasion (left hand)
 h - a +3 ring of strength (right hand)
Scrolls
 j - 2 scrolls of vulnerability
 k - 5 scrolls of amnesia
 l - a scroll of summoning
Potions
 b - 5 potions of magic
 c - 5 potions of curing
 d - 4 potions of heal wounds
 e - 2 potions of haste
 f - 3 potions of berserk rage
 i - 2 potions of invisibility
 n - a potion of resistance
 o - 2 potions of brilliance
 p - 2 potions of mutation


   Skills:
 + Level 4.8 Fighting
 - Level 5.0 Short Blades
 - Level 7.0 Dodging
 - Level 7.0 Stealth
 + Level 11.1 Spellcasting
 * Level 10.0 Conjurations
 * Level 12.1 Earth Magic
 + Level 6.2 Alchemy
 + Level 8.6 Invocations


You had 8 spell levels left.
You knew the following spells:

 Your Spells              Type           Power      Damage    Failure   Level
a - Sandblast             Erth           100%       2d20      1%          1
b - Stone Arrow           Conj/Erth      100%       3d13      1%          3
c - Brom's Barrelling Bo  Conj/Erth      53%        2d7       1%          4
d - Petrify               Alch/Erth      47%        N/A       1%          4
e - Bombard               Conj/Erth      26%        9d5       10%         6
f - Lee's Rapid Deconstr  Erth           28%        3d15*     1%          5

Your spell library contained the following spells:

 Spells                   Type           Power      Damage    Failure   Level
 Magic Dart               Conj           100%       1d8       1%          1
 Shock                    Conj/Air       100%       1d9       1%          1
 Sting                    Conj/Alch      100%       1d9       1%          1
 Searing Ray              Conj           100%       2d8       1%          2
 Passwall                 Erth           56%        N/A       1%          3
 Dazzling Flash           Conj/Hex       62%        N/A       2%          3
 Hailstorm                Conj/Ice       31%        3d8       2%          3
 Fulminant Prism          Conj/Alch      21%        3d12      2%          4
 Iskenderun's Battlesphe  Conj           51%        2d10      2%          5
 Animate Armour           Summ/Erth      70%        N/A       4%          4
 Irradiate                Conj/Alch      21%        3d18      6%          5
 Flame Wave               Conj/Fire      31%        2d9       8%          4
 Gell's Gravitas          Tloc           11%        N/A       19%         3
 Inner Flame              Hex/Fire       11%        N/A       19%         3
 Arcjolt                  Conj/Air       15%        1d25      22%         5
 Manifold Assault         Tloc           11%        N/A       52%         4
 Vhi's Electric Charge    Tloc/Air       22%        N/A       52%         4
 Orb of Destruction       Conj           25%        9d9       63%         7
 Conjure Ball Lightning   Conj/Air       15%        3x3d6     77%         6
 Ignition                 Fire           5%         3d4       100%        8
 Chain Lightning          Conj/Air       15%        3d20      100%        9
 Fire Storm               Conj/Fire      15%        8d4       100%        9


Dungeon Overview and Level Annotations

Branches:
Dungeon (1/1)

Altars:
Ashenzari
Cheibriados
Dithmenos
Elyvilon
Fedhas
Gozag
Hepliaklqana
Kikubaaqudgha
Makhleb
Nemelex Xobeh
Okawaru
Qazlal
Ru
Sif Muna
Trog
Uskayaw
Vehumet
Wu Jian
Xom
Yredelemnul
Zin
The Shining One
Jiyva
Lugonu


Innate Abilities, Weirdness & Mutations

You are very small and have problems with some larger weapons.
You are too small for most types of armour.
You have supernaturally acute eyesight. (SInv)
You cover ground extremely quickly. (Speed+++)


Message History

* * * LOW HITPOINT WARNING * * *
The white imp disappears for a moment.
A wight comes into view. It is wielding a +0 battleaxe.
Unknown command.
Okay, then.
Okay, then.
You feel much better. The unseen horror misses you.
The demonic crawler hits you!!
* * * LOW HITPOINT WARNING * * *
The demonic crawler hits you.
* * * LOW HITPOINT WARNING * * *
The demonic crawler completely misses you.
The ice devil closely misses you.
Unknown command.
Unknown command.
You feel much better.
You feel less invigorated.
The unseen horror completely misses you.
The demonic crawler closely misses you. x2; The demonic crawler hits you!
* * * LOW HITPOINT WARNING * * *
The centaur wields a +0 shortbow.
The centaur shoots an arrow.
The arrow completely misses you.
The hound pauses to sniff the ground.
The ice devil closely misses you. The demonic crawler misses you.
The demonic crawler barely misses you.
The demonic crawler completely misses you.
Unknown command.
Unknown command.
The centaur shoots an arrow.
The arrow closely misses you. The hound bites you.
* * * LOW HITPOINT WARNING * * *
You feel much better. The unseen horror barely misses you.
The centaur shoots an arrow.
The arrow hits you! The white imp gestures at you.
The puff of frost misses you.
Unknown command.
Unknown command.
The unseen horror misses you.
The centaur shoots an arrow.
The arrow barely misses you.
The ice devil attacks as it pursues you!
The ice devil hits you! The ice devil freezes you!!
You die...

###'#####)'######
.......##''##### #########
.......##......# .......
.......##......# .....
...<...###....## ####...##
.......# ##''## ###..'.... 4
.......###....###..c5##'## ..#
.......##......#....##..e##....#
#########......'@4.h')...z......
#########......#..s.##...##....#
..#..[[###....###x...##'## .t#
..#..[[# ##''## ###......z .
..'..))###....## ####...##
..#...)##......# .....
..#..))##......# ...l...
################ #########


You could see a demonic crawler, an ice devil, an unseen horror (invisible), a
centaur, a hound and a white imp.

Vanquished Creatures
  A fire crab (D)
  Sonja (D)
  A deep elf zephyrmancer (D)
  Joseph (D)
  2 smoke demons (D)
  3 kobold demonologists (D)
  An efreet (D)
  A merfolk (D)
  A hornet (D)
  A tarantella (D)
  2 vampire mosquitoes (D)
  A swamp drake (D)
  A centaur (D)
  A kobold brigand (D)
  A brain worm (D)
  A gnoll sergeant (D)
  A jelly (D)
  A wight (D)
  An orc priest (D)
  An iguana (D)
  2 orc wizards (D)
  An adder (D)
  5 gnolls (D)
  A white imp (D)
  A dart slug (D)
  7 orcs (D)
  A ball python (D)
  A bat (D)
  2 bat skeletons (D)
  2 giant cockroaches (D)
  2 jackals (D)
  5 kobolds (D)
  A quokka (D)
  A ball python zombie (D)
  2 frilled lizards (D)
58 creatures vanquished.

Notes
Turn   | Place    | Note
-------+----------+-------------------------------------------
     0 | D        | Groucho the Spriggan Earth Elementalist began the quest for
                  | the Orb.
     0 | D        | Reached XP level 1. HP: 9/9 MP: 5/5
    26 | D        | Reached skill level 1 in Conjurations
    26 | D        | Reached skill level 3 in Earth Magic
    26 | D        | Reached XP level 2. HP: 13/13 MP: 4/7
    65 | D        | Found a glowing golden altar of the Shining One.
    65 | D        | Found a glowing silver altar of Zin.
    65 | D        | Found a basalt altar of Yredelemnul.
    65 | D        | Found a shimmering altar of Xom.
    65 | D        | Found an ornate altar of the Wu Jian Council.
    65 | D        | Found a bloodstained altar of Trog.
    65 | D        | Found a shimmering blue altar of Sif Muna.
    65 | D        | Found a sacrificial altar of Ru.
    65 | D        | Found a stormy altar of Qazlal.
    65 | D        | Found an iron altar of Okawaru.
    65 | D        | Found a sparkling altar of Nemelex Xobeh.
    65 | D        | Found a burning altar of Makhleb.
    65 | D        | Found a viscous altar of Jiyva.
    65 | D        | Found a hazy altar of Hepliaklqana.
    65 | D        | Found an opulent altar of Gozag.
    65 | D        | Found a blossoming altar of Fedhas.
    65 | D        | Found a white marble altar of Elyvilon.
    65 | D        | Found a shadowy altar of Dithmenos.
    65 | D        | Found a snail-covered altar of Cheibriados.
    66 | D        | Found a radiant altar of Vehumet.
    66 | D        | Found a corrupted altar of Lugonu.
    67 | D        | Found an ancient bone altar of Kikubaaqudgha.
    67 | D        | Found a hide-covered altar of Uskayaw.
    67 | D        | Found a broken altar of Ashenzari.
    68 | D        | Became a worshipper of Sif Muna the Loreminder
    85 | D        | Reached * piety under Sif Muna
   361 | D        | Reached ** piety under Sif Muna
   364 | D        | Reached skill level 4 in Earth Magic
   725 | D        | Noticed a gnoll sergeant
   743 | D        | Reached skill level 1 in Invocations
   743 | D        | Reached XP level 3. HP: 16/16 MP: 5/9
   746 | D        | Reached *** piety under Sif Muna
   871 | D        | Reached **** piety under Sif Muna
   872 | D        | Reached skill level 5 in Earth Magic
   903 | D        | Noticed a brain worm
  1080 | D        | Learned a level 3 spell: Stone Arrow
  1105 | D        | Killed a brain worm
  1106 | D        | Reached skill level 5 in Spellcasting
  1106 | D        | Reached skill level 6 in Earth Magic
  1106 | D        | Reached XP level 4. HP: 21/21 MP: 7/12
  1148 | D        | Killed a gnoll sergeant
  1149 | D        | Reached skill level 5 in Conjurations
  1149 | D        | Reached XP level 5. HP: 20/24 MP: 7/14
  1149 | D        | Reached ***** piety under Sif Muna
  1367 | D        | Received a gift from Sif Muna
  1368 | D        | Got Uppijaek's Writings on Fulmination {god gift}
  1383 | D        | Reached skill level 7 in Earth Magic
  1383 | D        | Reached XP level 6. HP: 28/28 MP: 12/16
  1544 | D        | Noticed a deep elf zephyrmancer
  1554 | D        | Killed a deep elf zephyrmancer
  1555 | D        | Reached skill level 9 in Earth Magic
  1555 | D        | Reached XP level 7. HP: 26/32 MP: 7/19
  1939 | D        | Learned a level 4 spell: Brom's Barrelling Boulder
  1944 | D        | Learned a level 4 spell: Petrify
  1944 | D        | Noticed Sonja
  1999 | D        | Received a gift from Sif Muna
  2000 | D        | Got Sif Muna's Verses on the Brilliant Vector {god gift}
  2066 | D        | Learned a level 6 spell: Bombard
  2086 | D        | Killed Sonja
  2087 | D        | Reached skill level 1 in Fighting
  2087 | D        | Reached skill level 10 in Earth Magic
  2087 | D        | Reached XP level 8. HP: 31/39 MP: 2/22
  2218 | D        | Reached skill level 5 in Stealth
  2452 | D        | Noticed an efreet
  2468 | D        | Killed an efreet
  2855 | D        | Noticed Joseph
  2855 | D        | Noticed a tarantella
  2855 | D        | Noticed a merfolk
  2882 | D        | Killed a tarantella
  2883 | D        | Reached skill level 5 in Dodging
  2883 | D        | Reached XP level 9. HP: 43/43 MP: 16/23
  2897 | D        | Killed a merfolk
  2897 | D        | Received a gift from Sif Muna
  2898 | D        | Got Sif Muna's Handbook of the Salvo {god gift}
  3040 | D        | Noticed a kobold demonologist
  3040 | D        | Noticed a kobold demonologist
  3042 | D        | Noticed a kobold demonologist
  3059 | D        | Killed Joseph
  3064 | D        | Killed a kobold demonologist
  3065 | D        | Reached skill level 10 in Spellcasting
  3065 | D        | Reached skill level 11 in Earth Magic
  3073 | D        | Noticed a sun demon
  3075 | D        | Killed a kobold demonologist
  3078 | D        | Killed a kobold demonologist
  3078 | D        | Received a gift from Sif Muna
  3079 | D        | Got Sif Muna's Quarto of Grey Peregrination {god gift}
  3086 | D        | Learned a level 5 spell: Lee's Rapid Deconstruction
  3147 | D        | Reached skill level 5 in Short Blades
  3151 | D        | Noticed a smoke demon
  3155 | D        | Killed a smoke demon
  3156 | D        | Reached skill level 5 in Alchemy
  3642 | D        | Noticed a smoke demon
  3644 | D        | Noticed an ice devil
  3644 | D        | Noticed a fire crab
  3656 | D        | Reached XP level 10. HP: 37/50 MP: 10/25
  3657 | D        | Noticed a deep elf zephyrmancer
  3661 | D        | Noticed a demonic crawler
  3662 | D        | Killed a smoke demon
  3662 | D        | Received a gift from Sif Muna
  3662 | D        | Killed a fire crab
  3663 | D        | Reached skill level 10 in Conjurations
  3663 | D        | Reached skill level 12 in Earth Magic
  3668 | D        | Slain by an ice devil

Illustrated notes

Levels and vault maps discovered:
D:        pitsprint [storerooms_1, entrance_room_1, metal_vault_2, armoury_1,
          mini_pit_1, grid_room_1, main_hall_1, silver_pit, the_coven_3,
          the_vestibule_1, steel_vault_4, golden_pit, hallway_of_sentries,
          crystal_vault_1, iron_vault_4, final_vault]

Skill      XL: |  1  2  3  4  5  6  7  8  9 10 |
---------------+-------------------------------+-----
Spellcasting   | 3 4 5 6 8 9 10 11 | 11.1
Conjurations   | 1 2 4 5 7 8 9 10 | 10.0
Earth Magic    | 3 4 6 7 9 10 11 12 | 12.1
Invocations    | 1 3 4 6 7 8 |  8.6
Fighting       | 1 2 4 |  4.8
Short Blades   | 2 3 5 |  5.0
Dodging        | 4 5 7 |  7.0
Stealth        | 4 6 7 |  7.0
Alchemy        | 2 3 5 6 |  6.2

Action                     |  1- 3 |  4- 6 |  7- 9 | 10-12 || total
---------------------------+-------+-------+-------+-------++-------
  Melee: Dagger            |       |     1 |     6 |     1 ||     8
   Cast: Sandblast         |    39 |    10 |       |       ||    49
         Stone Arrow       |       |     4 |    61 |       ||    65
         Lee's Rapid Decon |       |       |     2 |     2 ||     4
         Petrify           |       |       |     1 |     1 ||     2
 Invoke: Channel Magic     |       |       |     2 |     1 ||     3
    Use: Scroll            |     1 |       |       |       ||     1
         Potion            |       |     1 |     2 |     3 ||     6
   Stab: Sleeping          |       |       |     2 |       ||     2
         Petrifying        |       |       |     2 |     1 ||     3
 Armour: Robe              |     8 |     8 |    13 |     8 ||    37
  Dodge: Dodged            |    13 |     3 |    26 |    22 ||    64
